[Event "Israel-ch Youth U8-18 2024"]
[Site "Kfar Saba"]
[Date "2024.04.16"]
[Round "1.13"]
[White "Cohen, Israel"]
[Black "Hornfeld, Ariel"]
[Result "1-0"]
[ECO "D36"]
[WhiteElo "1763"]
[BlackElo "1419"]
[Annotator "NA RC"]
[PlyCount "109"]
[EventDate "2024.04.10"]
[EventType "swiss"]
[EventCountry "ISR"]
[SourceTitle "playchess.com"]
[Source "ChessBase"]
[SourceQuality "1"]
[TimeControl "5400+30"]

1. d4 d5 2. c4 e6 3. Nc3 Nf6 4. cxd5 exd5 5. Bg5 Be7 6. e3 O-O 7. Bd3 c6 8. Qc2 h6 9. Bh4 Be6 10. Nge2 Na6 11. a3 c5 12. O-O c4 13. Bf5 Qd7 14. Bxe6 fxe6 15. f3 Qe8 16. h3 Rc8 17. Bf2 Bd6 18. Rac1 e5 19. dxe5 Bxe5 20. Rfd1 Qf7 21. Nb5 Qd7 22. Nbd4 Nc5 23. Rf1 Nd3 24. Rcd1 Rfe8 25. b3 b5 26. Nc1 Nxc1 27. Qxc1 Bxd4 28. Rxd4 cxb3 29. Qb2 Qb7 30. Qxb3 Rc5 31. Rfd1 Rd8 32. Bh4 g5 33. Bg3 Qe7 34. e4 Qf7 35. Be5 Nd7 36. Rxd5 Re8 37. Bd6 Rc6 38. Qxb5 Rec8 39. Bg3 Nb6 40. Rf5 Qe7 41. Qb3+ Rc4 42. Rd6 Kh7 43. Rdf6 Kh8 44. Rf7 Qe6 45. Be5+ Kg8 46. Rg7+ Kh8 47. Rg6+ Qxe5 48. Rxe5 Kh7 49. Rd6 R8c7 50. Qb5 Rc1+ 51. Kh2 Nc8 52. Rd7+ Kg6 53. Re6+ Kh5 54. g4+ Kh4 55. Rxh6# 1-0

[Event "Israel-ch Youth U8-18 2024"]
[Site "Kfar Saba"]
[Date "2024.04.17"]
[Round "2.1"]
[White "Pevzner, Maks"]
[Black "Rozen, Eytan"]
[Result "1/2-1/2"]
[ECO "D35"]
[WhiteElo "2090"]
[BlackElo "2499"]
[Annotator "TA"]
[PlyCount "117"]
[EventDate "2024.04.10"]
[EventType "swiss"]
[EventCountry "ISR"]
[SourceTitle "playchess.com"]
[Source "ChessBase"]
[SourceQuality "1"]
[TimeControl "5400+30"]

1. d4 d5 2. c4 e6 3. Nc3 Nf6 4. cxd5 exd5 5. Bg5 c6 6. e3 h6 7. Bh4 Bd6 8. Bd3 O-O 9. Qc2 Re8 {[%emt 0:01:56] The position is equal.} 10. Nge2 a5 11. h3 Na6 12. a3 {[%emt 0:00:52] Prevents Nb4.} Nc7 13. O-O Ne6 14. Rad1 Rb8 15. e4 dxe4 16. Nxe4 Be7 17. Nxf6+ Bxf6 18. Bg3 Ra8 19. Bc4 b5 (19... Nxd4 $11 20. Nxd4 Bxd4) 20. d5 {[%emt 0:08:12] White is more active.} bxc4 21. dxe6 Qe7 22. exf7+ Qxf7 23. Nd4 {[%emt 0:06:36] Prevents Bf5.} (23. Nc3 $14) 23... Qd5 $11 24. Nf3 Bf5 $1 25. Rxd5 Bxc2 {[%emt 0:00:07] This pair of bishops is nice.} 26. Rd2 Bb3 ({Better is} 26... Bd3 $17 27. Re1 Rxe1+ 28. Nxe1 Rd8 29. Nxd3 a4 (29... cxd3 $2 30. Bf4 $19) (29... Rxd3 30. Rc2 $15)) 27. Rc1 Re4 28. Bc7 $1 Kf7 29. Bb6 a4 30. Bd4 Be7 31. Bc3 Re8 32. Ne5+ Kg8 33. Nf3 (33. Nxc6 Bg5 34. f3 Re1+ (34... Bxd2 35. Bxd2 Re2 36. Bc3 $15) 35. Rxe1 Rxe1+ 36. Kf2 Bxd2 37. Bxd2 Rd1 $17) (33. Rd7 $14) 33... Bc5 (33... Kf7 $11) 34. Kf1 $14 R8e7 35. Nd4 Rc7 (35... Bxd4 $1 $14 36. Rxd4 Rxd4 37. Bxd4 Rd7) 36. Re1 Rxe1+ 37. Kxe1 Kf7 38. Re2 Rd7 39. Re4 (39. Nxc6 $2 Rd1#) 39... Bxd4 $1 40. Rxd4 {[%emt 0:00:25][%mdl 4096] Endgame. KRB-KRB} Rd5 41. Rf4+ Kg8 42. Rg4 g5 43. Rd4 Re5+ 44. Kd2 {[%emt 0:00:41] [#] And now Rd8+ would win.} Re6 45. h4 gxh4 46. Rxh4 Kf7 47. g3 c5 (47... Rd6+ $142 48. Ke1 Re6+ 49. Kf1 Rd6) 48. Rh5 $16 Rd6+ 49. Ke3 (49. Ke1 $142) 49... Rc6 (49... Rd3+ $16 50. Ke4 Bc2) 50. Ke4 Kg6 51. Re5 Kf7 (51... Bc2+ $142 52. Kd5 Rf6) 52. Rf5+ Kg6 53. Re5 (53. Ke5 $16) 53... Rf6 (53... Kf7 $1 $11) 54. f4 ({But not} 54. Rxc5 $6 Rxf2 55. Rc7 h5 $11) 54... Kf7 (54... Bc2+ $16 {was necessary.} 55. Kd5 Rf5) 55. Rxc5 Rg6 $2 {[%emt 0:00:28] [#]} (55... Re6+ {is a better defense.} 56. Be5 Bc2+ 57. Kf3 Bd1+ 58. Kf2 Re8 59. Rxc4 h5) 56. Rc7+ $18 Kg8 57. Kf3 (57. f5 Rg5 58. g4 (58. Kf4 Bd1 $18)) 57... h5 $2 (57... Bc2 58. Rc5 (58. Rxc4 h5 $18) 58... Bd1+ 59. Kg2 Rd6) 58. f5 Bd1+ 59. Kf2 $2 {[%emt 0:00:17][%mdl 32768] Weighted Error Value: White=0.21 (precise) /Black=0.28 (precise) .  Mistake:       	White=5     	Black=11     Inaccurate:     	White=4     	Black=6      OK:         	White=19    	Black=17     Best:        	White=2     	Black=1      Strong:       	White=1     	Black=2     . An unexpected result.} (59. Kf4 Rg4+ 60. Ke5) 1/2-1/2

[Event "Israel-ch Youth U8-18 2024"]
[Site "Kfar Saba"]
[Date "2024.04.17"]
[Round "2.2"]
[White "Sokolovsky, Yahli"]
[Black "Pelech, Roee"]
[Result "1-0"]
[ECO "B47"]
[WhiteElo "2490"]
[BlackElo "2215"]
[Annotator "TA"]
[PlyCount "65"]
[EventDate "2024.04.10"]
[EventType "swiss"]
[EventCountry "ISR"]
[SourceTitle "playchess.com"]
[Source "ChessBase"]
[SourceQuality "1"]
[TimeControl "5400+30"]

1. e4 c5 2. Nf3 e6 3. d4 cxd4 4. Nxd4 Nc6 5. Nc3 Qc7 6. Be2 a6 7. O-O b5 8. Nxc6 dxc6 9. Qd3 Bb7 10. Rd1 Nf6 11. Bg5 {[%emt 0:09:39] White is slightly better.} c5 12. Bf3 $40 {[%emt 0:14:19][%cal Oe4e5][%mdl 128] White mounts an attack. White is more active.} c4 13. Qe2 e5 {[%emt 0:16:07] [#] Black is now going downhill.} ({Black should play} 13... h6 $14 14. Bh4 Rc8) 14. Bxf6 $1 $16 gxf6 15. Bg4 Bc6 16. Qf3 {[%emt 0:10:27][%cal Og4d7] Strongly threatening Bd7+!} ({Much less strong is} 16. Nd5 Bxd5 17. Rxd5 (17. exd5 Bd6 $16) 17... Rd8 18. Rxd8+ Kxd8) 16... Rg8 $2 (16... Be7 {is more resistant.} 17. a3 Rd8 18. Rxd8+ Qxd8) 17. h3 $2 (17. Bd7+ Qxd7 (17... Bxd7 $2 {perishes.} 18. Nd5 $18) 18. Rxd7 Bxd7 19. Nd5 (19. Qxf6 Rg6 $18)) 17... Rg6 (17... Be7 $142 18. Nd5 Bxd5) 18. Bf5 $18 Rg7 {[%emt 0:02:06] [#]} (18... Be7 19. Bxg6 hxg6) 19. Bd7+ $1 Qxd7 20. Rxd7 Kxd7 21. Qxf6 Re8 22. a4 b4 23. Rd1+ Kc7 24. Nd5+ Kb7 25. a5 b3 26. cxb3 cxb3 27. Rc1 Rc8 28. Nb6 Rxg2+ 29. Kxg2 Bxe4+ 30. f3 Rxc1 31. Qxf7+ Kc6 32. fxe4 Rc2+ 33. Kf3 {[%emt 0:00:02] Weighted Error Value: White=0.17 (very precise) /Black=1.05.  Mistake:       	White=1     	Black=4      Inaccurate:     	White=1     	Black=2      OK:         	White=5     	Black=2      Strong:       	White=1     	---        Brilliant:      	White=1     	---} 1-0

[Event "Israel-ch Youth U8-18 2024"]
[Site "Kfar Saba"]
[Date "2024.04.17"]
[Round "2.3"]
[White "Michaeli, Omri"]
[Black "Levin, Guy"]
[Result "0-1"]
[ECO "B51"]
[WhiteElo "2031"]
[BlackElo "2451"]
[Annotator "TA"]
[PlyCount "162"]
[EventDate "2024.04.10"]
[EventType "swiss"]
[EventCountry "ISR"]
[SourceTitle "playchess.com"]
[Source "ChessBase"]
[SourceQuality "1"]
[TimeControl "5400+30"]

1. e4 c5 2. Nf3 d6 3. Bb5+ Nc6 4. O-O Bd7 5. Re1 a6 6. Bf1 Nf6 7. c3 Bg4 8. d4 cxd4 9. cxd4 e5 10. d5 Nd4 11. Be3 Nxf3+ {[%emt 0:00:07] White is slightly better.} 12. gxf3 Bd7 13. Nd2 Rb8 (13... Be7 $14) 14. a4 $1 $16 Be7 15. Nc4 b6 16. f4 ({White should try} 16. a5 $16 bxa5 17. Nxa5 (17. Rxa5 O-O $14)) 16... Ng4 $14 17. fxe5 dxe5 18. Bh3 Nxe3 (18... h5 $1 $11) 19. Rxe3 $16 Bc5 20. Bxd7+ Qxd7 {[%emt 0:00:02] [#]} 21. Qh5 $1 Qc7 (21... Qe7 22. Rg3) 22. Rg3 (22. Qxe5+ Qxe5 23. Nxe5 Bxe3 24. fxe3 f6 $11) 22... O-O (22... g6 $16 {might work better.} 23. Qxe5+ Qxe5 24. Nxe5 Bd6) 23. d6 $2 (23. Qxe5 $6 Qxe5 24. Nxe5 Bd6 $16) (23. Nxe5 g6 (23... f5 24. Nd3 $15) 24. Kh1 Bxf2 $15) (23. b4 $1 $18 {[%cal Og3g7] is the precise move to win. Strongly threatening Rxg7+!} Bxb4 (23... Bxf2+ 24. Kxf2 g6 25. Ne3 $18) 24. d6 (24. Qxe5 Qxe5 25. Nxe5 Bd6 $14) (24. Nxe5 g6 $11)) 23... Qc6 $2 (23... Qb7 $16) 24. Nxe5 $2 (24. Qxe5 g6 $14) (24. Qh6 $1 {mates} Bxf2+ 25. Kxf2 g6 26. Rh3 (26. Nxe5 Qc5+ 27. Kf1 Qxe5 $11) 26... Qc5+ 27. Kg2 Qf2+ 28. Kxf2 Rfd8 29. Qxh7+ Kf8 30. Qh8#) 24... Qxd6 $14 {[%emt 0:03:10] Hoping for ...g6. Black is weak on the light squares} 25. Rd1 Qf6 26. Ng4 (26. Rf3 $1 $16 Qe6 27. Nd7) 26... Qf4 $11 {[%emt 0:02:54][%cal Og7g6] [#] And now ...g6! would win.} 27. Rf3 Qxe4 $15 (27... Qxf3 $2 28. Nh6+ gxh6 29. Qxf3 $18) 28. Rd5 {[%emt 0:01:57] [#]} Qg6 (28... Qxf3 29. Nh6+ gxh6 30. Qxf3 $18) (28... f6 $142 $1 {[%cal Og7g6] Threatens to win with ...g6!} 29. Qf5 Qxf5 (29... Qxa4 $2 30. Rh3 $18) 30. Rdxf5 a5) 29. Qxg6 fxg6 (29... hxg6 $6 30. Ne5 $11) 30. Rxf8+ Rxf8 $17 {[%emt 0:00:01][%mdl 4096] Endgame. KRB-KRN} 31. a5 Rf4 32. Ne3 Rb4 33. Rd8+ Kf7 34. Ra8 (34. axb6 $17 {was necessary.} Bxb6 (34... Rxb2 35. Rd7+ Ke6 36. Rxg7 $17) 35. Ra8) 34... bxa5 $19 (34... Rxb2 35. Rxa6 bxa5 36. Rxa5 Bxe3 37. fxe3 $17) 35. Rxa6 a4 ({Don't play} 35... Rxb2 36. Rxa5 Bxe3 37. fxe3 $17) 36. Ra5 Bd4 37. Nc2 $2 {[%emt 0:00:57] [#]} (37. Nd1) 37... Bxf2+ $1 38. Kxf2 Rxb2 {[%emt 0:00:06] KRN-KR} 39. Ra7+ Kf6 40. Rxa4 $2 (40. Ra6+ {was the only chance.} Ke7 41. Ra7+ Ke6 42. Ra6+ Kd7 43. Ra7+ Kc8 44. Ra8+ Kd7 (44... Kb7 45. Rxa4 Rxc2+ 46. Kg3 $17) 45. Ra7+ Kc6 46. Rxa4 Rxc2+ 47. Kg1) 40... Rxc2+ {[%emt 0:00:06] KR-KR} 41. Kg3 Rc6 {[%emt 0:00:45] Wards off Ra6} 42. Rf4+ Ke7 43. Kg4 h6 44. Ra4 Kf6 45. Rf4+ {[%emt 0:00:15] [#]} Ke6 $1 46. Re4+ Kf7 47. Ra4 g5 48. Rd4 Kg6 49. Rd7 Rf6 50. h3 Rf4+ 51. Kg3 Rf7 52. Rd6+ Kf5 53. Ra6 Re7 54. Ra3 Re4 55. Rf3+ Kg6 {[%emt 0:00:10] White must now prevent ...Kh5.} 56. Ra3 Kh5 {[%emt 0:00:06] ...g4 would now be deadly.} 57. Rb3 (57. Ra5 $142 Kg6 58. Rd5) 57... Ra4 (57... g4 $142 58. Rd3 gxh3 59. Kxh3 g5) 58. Rc3 (58. Rb5 $142 Re4 59. Rb7) 58... Rb4 $2 (58... g4 59. hxg4+ Rxg4+ 60. Kf3 Kh4) 59. Ra3 $2 (59. Rc5) 59... Rc4 $2 (59... g4 60. hxg4+ Rxg4+ 61. Kf3 Kh4) 60. Rb3 $2 (60. Ra5) 60... g6 $2 (60... g4 61. hxg4+ Rxg4+ 62. Kh2 Rc4) 61. Ra3 $2 (61. Rb5) 61... g4 62. h4 Rc5 {[%emt 0:00:07] Black mates.} 63. Rd3 Rf5 64. Rd6 Rf3+ 65. Kg2 Rh3 66. Ra6 Rxh4 67. Ra5+ g5 68. Ra6 Rh3 69. Rb6 Ra3 70. Rc6 Ra8 71. Kg3 Rf8 72. Ra6 Rf3+ 73. Kg2 Rb3 74. Rc6 g3 75. Ra6 g4 76. Ra8 Kh4 77. Ra4 Rb2+ 78. Kg1 Kh3 79. Ra1 Rb3 80. Kh1 g2+ 81. Kg1 Rf3 {[%emt 0:00:14] Quite a comeback for Black.   Weighted Error Value: White=0.56/Black=0.40.  Loses game:     	---       	Black=1      Missed win:     	White=2     	---        Mistake:       	White=12    	Black=5      Inaccurate:     	White=3     	Black=1      OK:         	White=7     	Black=21     Best:        	White=2     	Black=4      Strong:       	White=2     	Black=1} 0-1

[Event "Israel-ch Youth U8-18 2024"]
[Site "Kfar Saba"]
[Date "2024.04.17"]
[Round "2.4"]
[White "Uritsky, Yonathan"]
[Black "Ostrovsky Berman, Noam"]
[Result "1/2-1/2"]
[ECO "A24"]
[WhiteElo "2231"]
[BlackElo "1990"]
[Annotator "TA"]
[PlyCount "65"]
[EventDate "2024.04.10"]
[EventType "swiss"]
[EventCountry "ISR"]
[SourceTitle "playchess.com"]
[Source "ChessBase"]
[SourceQuality "1"]
[TimeControl "5400+30"]

1. Nf3 Nf6 2. g3 g6 3. Bg2 Bg7 4. O-O O-O 5. c4 d6 6. Nc3 c6 7. d3 a5 8. Rb1 e5 9. a3 Nbd7 10. b4 axb4 11. axb4 d5 12. Qc2 Re8 13. e4 Nf8 14. Bg5 dxc4 15. dxc4 Bg4 16. Be3 Bxf3 17. Bxf3 Ne6 18. Rfd1 Qe7 19. Ne2 Red8 20. Qb2 h5 21. c5 Ne8 22. b5 (22. Bg2 $11 {remains equal.}) 22... Nxc5 ({Better is} 22... Nf6 $17) 23. Rxd8 Rxd8 24. Qa3 Bf8 25. bxc6 bxc6 26. Bxc5 Qxc5 27. Qxc5 Bxc5 28. Rc1 Bb4 29. Rxc6 Kg7 30. Nc1 Rd6 31. Rc4 Ba3 32. Na2 {[%emt 0:00:02] [#]} (32. Rc2 $11) 32... Rd3 (32... Rd2 $1 $17 33. Nc3 Rc2) 33. Rc3 {[%emt 0:00:23] Weighted Error Value: White=0.19 (very precise) /Black=0.13 (very precise) .  Mistake:       	White=2     	Black=2      Inaccurate:     	---       	Black=2      OK:         	White=3     	Black=7      Best:        	White=3     	---} 1/2-1/2

[Event "Israel-ch Youth U8-18 2024"]
[Site "Kfar Saba"]
[Date "2024.04.17"]
[Round "2.5"]
[White "Brezis, Ari"]
[Black "Menahem, Adi"]
[Result "1/2-1/2"]
[ECO "E49"]
[WhiteElo "1877"]
[BlackElo "2112"]
[Annotator "TA"]
[PlyCount "79"]
[EventDate "2024.04.10"]
[EventType "swiss"]
[EventCountry "ISR"]
[SourceTitle "playchess.com"]
[Source "ChessBase"]
[SourceQuality "1"]
[TimeControl "5400+30"]

1. d4 Nf6 2. c4 e6 3. Nc3 Bb4 4. a3 Bxc3+ 5. bxc3 d5 6. cxd5 exd5 7. e3 c5 8. Bd3 Nc6 9. Ne2 O-O 10. O-O Re8 11. f3 b6 12. Ng3 Bb7 13. Ra2 Qc7 14. Re2 h5 15. Bb2 g6 16. Nh1 {[%emt 0:00:00] White is slightly better.} Na5 17. Qe1 cxd4 18. cxd4 Nc4 19. Bc1 ({Better is} 19. Ba1 $1 $14) 19... Nd6 20. Nf2 Qe7 (20... Qc6 $14) 21. a4 (21. e4 $1 $16 Nh7 (21... dxe4 22. fxe4 Nfxe4 23. Nxe4 $16) 22. Qb4 (22. e5 Nf5 $16)) 21... Bc6 {[%emt 0:03:52] [#]} (21... Rac8 $14) 22. Ba3 (22. e4 $1 $18 dxe4 (22... Bxa4 $2 23. Bg5 $18) 23. fxe4) 22... Qd7 $14 23. e4 dxe4 24. fxe4 Nfxe4 $2 {[%emt 0:03:17] [#]} 25. Bxe4 $2 (25. d5 $1 $18 Bxd5 26. Nxe4 Bxe4 27. Bxe4 Nxe4 28. Rxe4 Rxe4 29. Qxe4) 25... Nxe4 26. Nxe4 {[%emt 0:00:00] Threatening mate with Nf6+.} Qxd4+ 27. Nf2 Rxe2 28. Qxe2 Re8 29. Qd3 Qxd3 30. Nxd3 Re3 31. Rd1 Bxa4 32. Kf2 Bxd1 33. Kxe3 f6 34. Bb2 Kf7 35. Bd4 Bb3 36. Nf4 h4 $1 {[%emt 0:05:03] The position is equal.} 37. g4 hxg3 38. hxg3 g5 39. Nd3 Ke6 40. Nb4 {[%emt 0:01:00] Weighted Error Value: White=0.38/Black=0.25 (precise) .  Loses game:     	---       	Black=1      Missed win:     	White=1     	---        Mistake:       	White=3     	Black=2      Inaccurate:     	White=4     	Black=5      OK:         	White=5     	Black=9      Best:        	White=1     	Black=3      Strong:       	---       	Black=1} 1/2-1/2

[Event "Israel-ch Youth U8-18 2024"]
[Site "Kfar Saba"]
[Date "2024.04.17"]
[Round "2.6"]
[White "Dezent, Eyal"]
[Black "Meirovich, Ilay"]
[Result "0-1"]
[ECO "D00"]
[WhiteElo "2145"]
[BlackElo "1880"]
[Annotator "TA"]
[PlyCount "50"]
[EventDate "2024.04.10"]
[EventType "swiss"]
[EventCountry "ISR"]
[SourceTitle "playchess.com"]
[Source "ChessBase"]
[SourceQuality "1"]
[TimeControl "5400+30"]

1. d4 d5 2. Bf4 Nf6 3. e3 c5 4. c3 Nc6 5. Nd2 Bf5 6. a4 e6 7. Ngf3 Bd6 8. dxc5 {[%emt 0:01:20] The position is equal.} Bxf4 9. exf4 Qc7 10. g3 O-O $1 11. Be2 Rad8 12. Nb3 Bh3 13. Nbd4 Ne4 14. Nxc6 Qxc6 (14... bxc6 $15 15. Qd4 a5 (15... Bg2 16. Rg1 $14)) 15. b4 Nxc3 16. Qd4 ({Better is} 16. Nd4 $1 $15 Qe8 17. Qd3 Nxe2 (17... Nxa4 $2 18. g4 $18) 18. Qxe2) 16... Nxe2 $17 ({Weaker is} 16... Nxa4 17. b5 Qxc5 18. Rxa4 $18) 17. Kxe2 f6 18. Qe3 {[%emt 0:00:00][%mdl 8192] White does not recover from this.} (18. Ra3 $17) 18... e5 {[%emt 0:02:30] [#] Hoping for ...d4.} 19. fxe5 (19. Nd2 $142) 19... Bg4 20. Kd2 Bxf3 21. Qxf3 fxe5 22. Qe2 e4 23. Rhf1 (23. Kc1 $142 d4 24. Rg1) 23... Rf3 $19 {[%emt 0:00:45] [#] ...Qf6 would now be deadly.} 24. Qb5 Qf6 25. Rac1 Rd3+ {[%emt 0:00:55] Weighted Error Value: White=1.02/Black=0.17 (very precise) .  Loses game:     	White=1     	---        Mistake:       	White=3     	Black=1      Inaccurate:     	White=5     	Black=1      OK:         	White=4     	Black=8      Best:        	White=1     	Black=2      Strong:       	---       	Black=1} (25... Ra3 $142 26. Rc2 a6 27. Rd1 axb5 28. Ke1 Qf3 (28... Rxa4 $2 29. g4 $19) 29. axb5 Rf8 (29... d4 {leads to mate.} 30. Re2 Qh1+ 31. Kd2 Rd3+ 32. Kc2 Qxd1+ 33. Kb2 Qxe2+ 34. Kc1 Rd1#) 30. Re2 Qh1+ 31. Kd2 Rd3+ (31... Qxh2 {gets mated.} 32. Rf1 Rff3 33. Kd1 Ra1+ 34. Kc2 Rxf1 35. c6 R1xf2 36. Rxf2 Qxf2+ 37. Kc1 Rxg3 38. cxb7 Rg1#) 32. Kc2 Qxd1+ 33. Kb2 Qxe2+ 34. Kc1 Rd1#) 0-1

[Event "Israel-ch Youth U8-18 2024"]
[Site "Kfar Saba"]
[Date "2024.04.17"]
[Round "2.7"]
[White "David, Idan"]
[Black "Shefer, Uri"]
[Result "1/2-1/2"]
[ECO "D02"]
[WhiteElo "1889"]
[BlackElo "1991"]
[Annotator "TA"]
[PlyCount "81"]
[EventDate "2024.04.10"]
[EventType "swiss"]
[EventCountry "ISR"]
[SourceTitle "playchess.com"]
[Source "ChessBase"]
[SourceQuality "1"]
[TimeControl "5400+30"]

1. d4 Nf6 2. Bf4 d5 3. e3 c5 4. Nf3 Nc6 5. Nbd2 cxd4 6. exd4 a6 7. c3 Bf5 8. h3 h6 9. Be2 e6 10. Ne5 Bd6 11. Ndf3 Qc7 12. Bh2 O-O 13. O-O Nd7 14. Nxd7 Bxh2+ 15. Nxh2 Qxd7 16. Bd3 Bxd3 17. Qxd3 Na5 18. Ng4 Rac8 19. Rfe1 Qb5 20. Qxb5 axb5 21. a3 Nc4 22. Re2 Rc7 23. Ne3 Ra8 24. Rb1 Ra6 25. Nc2 Kf8 26. Nb4 Rd6 27. Rd1 Rd8 28. Rd3 Nd6 29. g3 Ne4 30. Kg2 g6 31. Rd1 Kg7 32. f3 Nd6 33. Rde1 Nf5 34. Kf2 h5 35. h4 Kf6 36. Nd3 Rh8 37. Nf4 Rh6 38. Nh3 Rh8 39. Nf4 Rh6 40. Nh3 Rh8 41. Nf4 {[%emt 0:01:57] Weighted Error Value: White=0.06 (flawless) /Black=0.05 (flawless) .  Inaccurate:     	White=1     	Black=2      OK:         	White=11    	Black=17} 1/2-1/2

[Event "Israel-ch Youth U8-18 2024"]
[Site "Kfar Saba"]
[Date "2024.04.17"]
[Round "2.8"]
[White "Hermans, Ray"]
[Black "Berlad, Asaf"]
[Result "0-1"]
[ECO "B06"]
[WhiteElo "1921"]
[BlackElo "1900"]
[Annotator "TA"]
[PlyCount "52"]
[EventDate "2024.04.10"]
[EventType "swiss"]
[EventCountry "ISR"]
[SourceTitle "playchess.com"]
[Source "ChessBase"]
[SourceQuality "1"]
[TimeControl "5400+30"]

1. e4 g6 2. d4 d6 3. Nc3 Bg7 4. Be3 a6 5. Qd2 b5 6. a4 b4 7. Nce2 Bb7 8. Ng3 a5 9. Nf3 Nf6 {[%emt 0:06:09] White has an edge.} 10. Bd3 h5 11. h4 Ng4 12. Ng5 (12. Bg5 $11) 12... O-O $15 13. f3 (13. O-O $15) 13... Nxe3 $17 14. Qxe3 {[%emt 0:00:06] [#]} c5 $1 15. dxc5 Bxb2 16. Rd1 Bc3+ (16... Na6 $19 17. Ne2 Bf6 (17... dxc5 $2 18. Bxa6 Qb8 19. Bxb7 $18) (17... Nxc5 $2 18. g4 $19)) 17. Ke2 (17. Kf2 $17 {was necessary.}) 17... Na6 18. c6 Bxc6 {[%emt 0:00:22] White must now prevent ...Nc5. This pair of bishops is nice.} 19. Bc4 $2 (19. Nxh5 Nc5 (19... gxh5 $2 20. Bxa6 Qd7 21. Bd3 $19) 20. Ng3 Nxd3 (20... Bxa4 21. h5 $17) 21. Rxd3) 19... Nc7 (19... Qc7 $19 {and Black stays clearly on top.} 20. Kf2 Bxa4) 20. Nxh5 {[%emt 0:07:47] [#]} gxh5 {[%emt 0:03:28] [#]} (20... Bxa4 $1 $17 {keeps the pressure on.} 21. Nf4 e6 (21... Bxc2 22. Rc1 $11)) 21. Qf4 $4 (21. e5 $1 $18 {White threatens Qd3 and mate.} Kg7 (21... Bxa4 22. Qe4 Bxc2 23. Qxc2 Re8 24. Qh7+ Kf8 25. Qxf7#) (21... Bxe5 22. Qd3 Kg7 23. Qh7+ Kf6 24. Qh6+ Kf5 25. Nxf7 Bf6 26. Qxh5+ Kf4 27. Qg4#) 22. Qd3) 21... Qd7 ({And not} 21... Bxa4 22. Qf5 Kg7 23. Qh7+ Kf6 24. Qh6+ (24. Bxf7 e5 $18) 24... Ke5 25. Nxf7+ (25. Bxf7 Rg8 26. f4+ Kxf4 27. Ne6+ Kg3 28. Rh3+ Kxg2 29. Nf4#) 25... Rxf7 26. Qg5+) (21... Qc8 $142 22. Bb3 Be5) 22. Bxf7+ $2 (22. Nxf7 d5 (22... Bxa4 23. Qg5+ Bg7 24. Ne5+ $15) 23. Qg5+ Bg7 (23... Kxf7 $2 24. Qxh5+ Ke6 25. Qg6+ Rf6 26. exd5+ Nxd5 27. Qe4+ Kd6 28. Bxd5 $19) 24. Nh6+ Kh7 25. Nf5 Rxf5 26. exf5) 22... Kg7 $19 {[%emt 0:01:16] Black is clearly winning.} 23. Rh3 Be5 24. Ne6+ {[%emt 0:00:48] [#]} Qxe6 $1 25. Rg3+ (25. Bxe6 Rxf4) 25... Kh8 26. Rd5 Bxd5 {[%emt 0:01:14] Weighted Error Value: White=1.77/Black=1.07.  Loses game:     	---       	Black=1      Missed win:     	White=1     	Black=1      Mistake:       	White=5     	Black=2      Inaccurate:     	White=4     	Black=2      OK:         	White=3     	Black=4      Best:        	---       	Black=2} 0-1

[Event "Israel-ch Youth U8-18 2024"]
[Site "Kfar Saba"]
[Date "2024.04.17"]
[Round "2.9"]
[White "Azoulay, Yehonatan"]
[Black "Glik, Mike"]
[Result "1-0"]
[ECO "C02"]
[WhiteElo "1987"]
[BlackElo "1765"]
[Annotator "TA"]
[PlyCount "51"]
[EventDate "2024.04.10"]
[EventType "swiss"]
[EventCountry "ISR"]
[SourceTitle "playchess.com"]
[Source "ChessBase"]
[SourceQuality "1"]
[TimeControl "5400+30"]

1. e4 e6 2. d4 d5 3. e5 c5 4. c3 Nc6 5. Nf3 Qb6 6. a3 Nh6 7. b4 cxd4 8. cxd4 Nf5 9. Be3 Be7 10. Bd3 Bd7 11. Nc3 Nxe3 12. fxe3 {[%emt 0:00:04] White has an edge.} f6 13. exf6 {[%emt 0:00:25] White is more active.} Bxf6 14. Na4 Qd8 15. O-O O-O 16. Nc5 b6 (16... Bc8 $14) 17. Nxd7 $16 Qxd7 18. Qc2 $36 {[%emt 0:00:07][%cal Od3b5][%mdl 2048] Bb5! would now be deadly. White is really pushing.} g6 $2 {[%emt 0:07:20] [#] A mistake that costs the game.} (18... Rac8 $16 {was necessary.}) 19. Bb5 $1 $18 Nxd4 20. Nxd4 (20. Bxd7 Nxc2 21. Bxe6+ Kh8 $17) 20... Qe7 21. Rad1 Rac8 22. Qd3 Rc7 23. Qd2 Qd6 24. Rc1 {[%emt 0:01:24] [#] aiming for Rxc7.} Rxc1 25. Rxc1 e5 $2 (25... Bxd4 26. exd4 (26. Qxd4 e5 $18) 26... Qf4 27. Qxf4 Rxf4) 26. Rc6 {[%emt 0:00:55] Weighted Error Value: White=0.03 (flawless) /Black=0.34.  Loses game:     	---       	Black=1      Mistake:       	---       	Black=2      Inaccurate:     	---       	Black=1      OK:         	White=4     	Black=5      Best:        	White=4     	---        Strong:       	White=1     	---} 1-0